 Dungeon Crawl Stone Soup version 0.15-a0-861-g2f358d9 (webtiles) character file.

220 Quh the Magician (level 5, -9/28 HPs)
             Began as a Deep Elf Wizard on May 16, 2014.
             Was an Initiate of Sif Muna.
             Killed by divine providence
             ... invoked by an orc priest
              (14 damage)
             ... on Level 3 of the Dungeon.
             The game lasted 00:16:34 (3604 turns).

Quh the Magician (Deep Elf Wizard)                  Turns: 3604, Time: 00:16:35

HP  -9/28        AC  4     Str  5      XL: 5   Next: 64%
MP   7/19        EV 12     Int 23      God: Sif Muna [......]
Gold 182         SH  0     Dex 13      Spells:  6 memorised,  1 level left

rFire  . . .     SeeInvis .     (no weapon)
rCold  . . .     Clarity  .     I - +2 robe
rNeg   . . .     Conserve .     (no shield)
rPois  .         rCorr    +     b - +0 hat
rElec  .         rRot     .     (no cloak)
SustAb .         Spirit   .     (no gloves)
rMut   .         Warding  .     (no boots)
Gourm  .         Stasis   .     y - amulet of resist corrosion
MR     .....                    (no ring)
                                (no ring)

@: not resistant to hostile enchantments, unstealthy
A: no striking features
a: Renounce Religion


You were on level 3 of the Dungeon.
You worshipped Sif Muna.
Sif Muna was noncommittal.
You were very hungry.

You visited 1 branch of the dungeon, and saw 4 of its levels.

You collected 182 gold pieces.

Inventory:

Hand weapons
 j - a +0,+0 sling
Missiles
 g - 76 arrows
 u - 16 poisoned sling bullets
 K - 39 darts (quivered)
Armour
 a - a +0 robe
 b - a +0 hat (worn)
 I - a +2 robe (worn)
Magical devices
 F - a wand of magic darts (13) {unknown}
Comestibles
 d - 3 bread rations
 o - 2 meat rations
 z - a banana
 C - 2 pears
 N - a chunk of ball python flesh
Scrolls
 f - a scroll of enchant weapon II {unknown}
 i - 2 scrolls of enchant armour {unknown}
 m - 2 scrolls of identify
 n - a scroll of blinking {unknown}
 p - a scroll of remove curse
 q - a scroll of noise {unknown}
 s - 3 scrolls of fog {unknown}
 x - a scroll of magic mapping
 A - a scroll of amnesia {unknown}
 E - a scroll of teleportation {unknown}
 G - a scroll of immolation {unknown}
 L - a scroll of enchant weapon I {unknown}
Jewellery
 v - an uncursed amulet of rage
 y - an amulet of resist corrosion (around neck)
 D - an uncursed ring of teleportation
 H - an uncursed amulet of guardian spirit
 J - an uncursed ring of see invisible {unknown}
Potions
 e - a potion of invisibility
 h - a potion of agility
 k - 2 potions of brilliance
 l - a potion of heal wounds {unknown}
 r - 2 potions of curing
 t - a potion of flight {unknown}
 w - 2 potions of restore abilities
 B - 3 potions of degeneration {unknown}
 M - a potion of berserk rage {unknown}
Books
 c - a book of Minor Magic

   Spells                             Type                      Level
   *Magic Dart                        Conjuration                  1
   *Blink                             Translocation                2
   *Call Imp                          Summoning                    2
   *Repel Missiles                    Charms/Air                   2
   Slow                               Hexes                        2
   *Conjure Flame                     Conjuration/Fire             3
   *Mephitic Cloud                    Conjuration/Poison/Air       3


   Skills:
 - Level 0.7 Fighting
 - Level 2.4 Dodging
 - Level 2.4 Stealth
 * Level 5.4 Spellcasting
 + Level 3.5 Conjurations
 * Level 1.1 Charms
 - Level 1.1 Summonings
 * Level 2.4 Translocations
 * Level 1.6 Air Magic
 * Level 1.9 Poison Magic


You had one spell level left.
You knew the following spells:

 Your Spells              Type           Power        Failure   Level  Hunger
a - Magic Dart            Conj           ###.         2%          1    None
b - Blink                 Tloc           N/A          6%          2    None
c - Call Imp              Summ           ##......     12%         2    None
d - Repel Missiles        Chrm/Air       ##....       10%         2    None
e - Mephitic Cloud        Conj/Pois/Air  ###.....     12%         3    ##.....
f - Conjure Flame         Conj/Fire      ##......     14%         3    ##.....


Dungeon Overview and Level Annotations

Branches:
Dungeon (4/15)
 Temple: D:4-7

Altars:
Makhleb
Sif Muna
Vehumet


Message History

Aiming: Magic Dart
Press: ? - help, Shift-Dir - straight line, f/p - orc priest
Aim: an orc priest, wielding a dagger (moderately wounded)
The magic dart hits the orc priest.
The orc priest is heavily wounded.
The orc priest hits you with a dagger.
* * * LOW HITPOINT WARNING * * *
Casting: Magic Dart
Confirm with . or Enter, or press ? or * to list all spells.
Aiming: Magic Dart
Press: ? - help, Shift-Dir - straight line, f/p - orc priest
Aim: an orc priest, wielding a dagger (heavily wounded)
Okay, then.
Casting: Magic Dart
Confirm with . or Enter, or press ? or * to list all spells.
You blink.
The orc priest invokes the aid of Beogh against you.
Something smites you!
Ouch! That really hurt!
You die...

##....#
#....#...#...#
#....#
###.##...##.##
##....#
#.##.§o##%#
.#.####
######.##.####
.#.#
##.##....#
.#.#
#>.......#
.#.##
##........#
....#
#......####
....# #..@.>.#
....# #....#.#
##### ##...###
#...# #####


You could see an orc priest.

Vanquished Creatures
  Natasha (twice) (D:4)
  A worker ant (D:4)
  3 adders (D:2)
  A shadow imp (D:4)
  2 giant mites (D:3)
  2 worms
  4 giant geckos
  3 oozes
  2 orcs (D:3)
  4 giant cockroaches
  4 goblins
  10 hobgoblins
  2 jackals (D:4)
  A quokka (D:2)
  2 ball pythons
  5 bats
  4 giant newts
  A goblin skeleton (D:4)
  7 kobolds
  An orc skeleton (D:4)
  6 rats
67 creatures vanquished.

Vanquished Creatures (collateral kills)
  The ghost of
  1010011010 the Stinger, an average DEVM (D:3)
  An orc (D:3)
  Natasha (D:4)
  A rat (D:4)
4 creatures vanquished.

Grand Total: 71 creatures vanquished

Notes
Turn   | Place    | Note
--------------------------------------------------------------
     0 | D:1      | Quh, the Deep Elf Wizard, began the quest for the Orb.
     0 | D:1      | Reached XP level 1. HP: 10/10 MP: 6/6
   219 | D:1      | Reached XP level 2. HP: 15/15 MP: 2/10
   230 | D:1      | Learned a level 2 spell: Blink
   233 | D:1      | Learned a level 2 spell: Call Imp
   236 | D:1      | Learned a level 2 spell: Repel Missiles
   967 | D:2      | Reached skill level 5 in Spellcasting
   967 | D:2      | Reached XP level 3. HP: 16/19 MP: 6/14
  1360 | D:2      | Found a burning altar of Makhleb.
  1424 | D:2      | Learned a level 3 spell: Mephitic Cloud
  1556 | D:2      | Found a deep blue altar of Sif Muna.
  1568 | D:2      | Became a worshipper of Sif Muna the Loreminder
  1823 | D:3      | Noticed 1010011010's ghost (average DEVM)
  1835 | D:3      | Killed 1010011010's ghost
  1835 | D:3      | Reached skill level 1 in Air Magic
  1835 | D:3      | Reached XP level 4. HP: 24/24 MP: 7/17
  1922 | D:3      | Found a radiant altar of Vehumet.
  2425 | D:3      | Learned a level 3 spell: Conjure Flame
  2820 | D:4      | Reached XP level 5. HP: 28/28 MP: 14/19
  2858 | D:4      | Reached skill level 1 in Poison Magic
  3039 | D:4      | Noticed Natasha
  3042 | D:4      | Killed Natasha
  3120 | D:4      | Reached skill level 1 in Charms
  3402 | D:4      | Noticed Natasha
  3408 | D:4      | Killed Natasha
  3583 | D:4      | Noticed Natasha
  3588 | D:4      | Killed Natasha
  3604 | D:3      | Killed from afar by an orc priest

Action                   |  1- 3 |  4- 6 || total
-------------------------+-------+-------++-------
Melee: Unarmed           |     6 |     1 ||     7
 Cast: Magic Dart        |    91 |    94 ||   185
       Call Imp          |     3 |     4 ||     7
       Mephitic Cloud    |     1 |     6 ||     7
       Blink             |       |     3 ||     3
  Use: Scroll            |     4 |     3 ||     7
